 Dungeon Crawl Stone Soup version 0.30-a0-778-g2ef04afb54 (webtiles) character file.

Game seed: 13586728242130557911

429 Wobber the Changer (level 6, 0/38 HPs)
             Began as an Octopode Transmuter on Feb 16, 2023.
             Was an Initiate of Gozag.
             Slain by Sigmund
             ... wielding a +0 scythe
              (9 damage)
             ... on level 5 of the Dungeon.
             The game lasted 00:11:01 (3744 turns).

Wobber the Changer (Octopode Transmuter)            Turns: 3744, Time: 00:11:02

Health: 0/38       AC:  5    Str:  9    XL:     6   Next: 98%
Magic:  9/10       EV: 14    Int: 17    God:    Gozag
Gold:   303        SH:  0    Dex: 19    Spells: 4/11 levels left

rFire   . . .      SeeInvis .      - Unarmed
rCold   . . .      Faith    .    (no shield)
rNeg    + + .      Spirit   .    (helmet currently unavailable)
rPois   .          Reflect  .    (no amulet)
rElec   .          Harm     .    l - ring "Itwor" {rN++ Dex+6}
rCorr   .          Rampage  .    m - +4 ring of protection
Will    .....                    (no ring)
Stlth   +++                      (no ring)
HPRegen 0.26/turn                (no ring)
MPRegen 0.12/turn                (no ring)
                                 (no ring)
                                 (no ring)

@: appendages
A: tentacle spike 3, almost no armour, amphibious, 8 rings, camouflage 1,
gelatinous body 1, (nimble swimmer 1), tentacles
a: End Transformation, Renounce Religion, Potion Petition, Call Merchant, Bribe
Branch


You were on level 5 of the Dungeon.
You worshipped Gozag.
Gozag was aware of your devotion.
One of your tentacles had grown a beastly spike.
You visited 1 branch of the dungeon, and saw 5 of its levels.

You collected 372 gold pieces.
You paid 69 gold pieces to Gozag.

Inventory:

Hand Weapons
 g - a +0 short sword of venom
Missiles
 c - 11 stones
 f - 7 poisoned darts
Armour
 j - a +1 hat (melded)
Jewellery
 k - a ring of fire
 l - the ring "Itwor" (left tentacle) {rN++ Dex+6}
   (You found it on level 3 of the Dungeon)

   [ring of dexterity]

   Dex:       It affects your dexterity (+6).
   rN:        It greatly protects you from negative energy.
 m - a +4 ring of protection (right tentacle)
Wands
 b - a wand of flame (2)
Scrolls
 d - 2 scrolls of poison
 e - a scroll of enchant weapon {unknown}
 h - a scroll of torment
 i - a scroll of amnesia
 n - a scroll of brand weapon {unknown}
 o - a scroll of enchant armour
 p - a scroll of magic mapping
Potions
 a - a potion of lignification


   Skills:
 - Level 1.0 Fighting
 + Level 3.4 Dodging
 - Level 3.0 Unarmed Combat
 + Level 3.1 Spellcasting
 * Level 4.4 Transmutations
 * Level 3.7 Ice Magic


You had 4 spell levels left.
You knew the following spells:

 Your Spells              Type           Power      Damage    Failure   Level
a - Beastly Appendage     Tmut           34%        N/A       2%          1
b - Wereblood             Tmut           17%        N/A       4%          2
c - Ice Form              Ice/Tmut       16%        N/A       32%         4

Your spell library contained the following spells:

 Spells                   Type           Power      Damage    Failure   Level
 Spider Form              Tmut/Pois      10%        N/A       21%         3
 Blink                    Tloc           4%         N/A       26%         2
 Lesser Beckoning         Tloc           4%         N/A       26%         2
 Momentum Strike          Conj/Tloc      4%         3d8       26%         2
 Kindle Blastsparks       Fire/Tloc/Air  4%         2d10      45%         3
 Fulminant Prism          Conj/Hex       1%         3d5       86%         4
 Iskenderun's Mystic Bla  Conj/Tloc      2%         2d3       86%         4
 Lee's Rapid Deconstruct  Erth           1%         3d4*      99%         5


Dungeon Overview and Level Annotations

Branches:
Dungeon (5/15)
 Temple: D:4-7

Altars:
Fedhas
Gozag
Kikubaaqudgha
Uskayaw
Vehumet
Zin

Annotations:
D:3 1 runed translucent door, Crazy Yiuf
D:4 Ijyb
D:5 Sigmund


Innate Abilities, Weirdness & Mutations

One of your tentacles has grown a beastly spike.
You cannot wear most types of armour.
You are amphibious.
You can wear up to eight rings at the same time.
Your skin changes colour to match your surroundings (Stealth+).
Your rubbery body absorbs attacks. (AC +1, EV +1)
((You are camouflaged when in or above water. (Stealth+)))
You have tentacles for arms and can constrict up to eight enemies at once.


Message History

You hear some strange, mumbled words.
You are more confused.
You bump into the rock wall.
Something hits you!
You bump into the rock wall.
You bump into the rock wall.
Something hits you. Something hits you but does no damage.
You miss something.
Your tentacle spike misses something.
You squeeze something. You completely miss something.
You hear some strange, mumbled words.
A puff of flame appears from out of thin air!
The puff of flame hits you!
You bump into the rock wall.
Something barely misses you.
You hear some strange, mumbled words.
A puff of flame appears from out of thin air!
The puff of flame hits you! Something hits you but does no damage.
You bump into the rock wall.
Your tentacle spike disappears.
Your +1 hat unmelds from your body.
You feel less confused.
Casting: Beastly Appendage (safe; 2% risk of failure)
Confirm with . or Enter, or press ? or * to list all spells.
One of your tentacles grows a vicious spike.
Your +1 hat melds into your body.
Something hits you.
* * * LOW HITPOINT WARNING * * *
Okay, then.
You barely miss something. Your squeeze misses something.
You hear some strange, mumbled words.
Something tries to affect you, but you resist.
You tentacle-slap something. Your squeeze misses something.
Something completely misses you.
You tentacle-slap something but do no damage.
Your tentacle spike misses something.
You barely miss something.
You pierce something.
Something hits you.
* * * LOW HITPOINT WARNING * * *
You tentacle-slap something but do no damage.
Something hits you!
You die...
Your body crumbles into a pile of gold.

#.# <..
#.#
##########
#.#
#........#
#.#
#.#####.##
#.# #.#
#...#
#{######.#
#.#####
#@.......#
#......
##########
#..####
#..#...
#..#.##
#..#.##
#..#...
#..####
#..#


There were no monsters in sight!

Vanquished Creatures
  A black bear (D:3)
  An ogre (D:4)
  An orc priest (D:3)
  A hound (D:4)
  An iguana (D:3)
  Terence (D:3)
  5 adders
  A white imp (D:4)
  A dart slug (D:4)
  10 orcs
  9 ball pythons
  8 endoplasms
  2 giant cockroaches
  11 goblins
  7 hobgoblins
  3 jackals (D:2)
  2 quokkas (D:2)
  4 bats
  4 frilled lizards
  5 kobolds
  8 rats
86 creatures vanquished.

Notes
Turn   | Place    | Note
-------+----------+-------------------------------------------
     0 | D:1      | Wobber the Octopode Transmuter began the quest for the Orb.
     0 | D:1      | Reached XP level 1. HP: 13/13 MP: 3/3
   162 | D:1      | Reached XP level 2. HP: 18/18 MP: 3/5
   166 | D:1      | Learned a level 2 spell: Wereblood
   353 | D:1      | Reached skill level 1 in Ice Magic
   565 | D:1      | Reached XP level 3. HP: 23/23 MP: 4/6
   898 | D:2      | Found a faded altar of an unknown god.
  1716 | D:3      | Identified the ring "Itwor" {rN++ Dex+6}
  1720 | D:3      | Noticed Terence
  1798 | D:3      | Reached XP level 4. HP: 25/28 MP: 5/7
  1855 | D:3      | Reached skill level 3 in Transmutations
  2005 | D:3      | Killed Terence
  2006 | D:3      | Reached XP level 5. HP: 24/33 MP: 6/8
  2068 | D:3      | Found a runed translucent door.
  2069 | D:3      | Noticed Crazy Yiuf
  2299 | D:3      | Learned a level 4 spell: Ice Form
  2560 | D:4      | Noticed a black bear
  2622 | D:3      | HP: 1/33 [black bear (2)]
  2623 | D:3      | Killed a black bear
  2624 | D:3      | Reached XP level 6. HP: 3/38 MP: 6/10
  2862 | D:4      | Found an opulent altar of Gozag.
  2868 | D:4      | Became a worshipper of Gozag Ym Sagoz the Greedy
  2910 | D:4      | Reached skill level 4 in Transmutations
  3441 | D:4      | Found a radiant altar of Vehumet.
  3442 | D:4      | Found a hide-covered altar of Uskayaw.
  3442 | D:4      | Found a blossoming altar of Fedhas.
  3447 | D:4      | Found an ancient bone altar of Kikubaaqudgha.
  3599 | D:4      | Noticed Ijyb
  3621 | D:4      | Found a glowing silver altar of Zin.
  3668 | D:5      | Entered Level 5 of the Dungeon
  3714 | D:5      | Noticed Sigmund
  3744 | D:5      | Slain by Sigmund

Illustrated notes

Levels and vault maps discovered:
D:1:      scummos_arrival_hexagon, layout_loops_cross
D:2:      layout_loops_corners, basic_ecumenical_altar
D:3:      layout_rooms, hangedman_abyss_or_decor_lesser_grid,
          minmay_misc_feat_alley, chequers_serial_rivers_large_b,
          uniq_crazy_yiuf_cottage, uniq_terence
D:4:      layout_cave_pools, minitemple, grunt_gozag_statues,
          nicolae_overflow_hidden_temple, chequers_jeans, uniq_ijyb
D:5:      layout_basic, serial_shops, nicolae_shop_hallway_stairs, fountainhead,
          uniq_sigmund, uniq_edmund, uniq_prince_ribbit1, uniq_blork_the_orc

Skill      XL: |  1  2  3  4  5  6 |
---------------+-------------------+-----
Ice Magic      | 1 2 3 |  3.7
Transmutations | 3 4 |  4.4
Dodging        | 3 |  3.4
Spellcasting   | 3 |  3.1
Fighting       | |  1.0
Unarmed Combat | |  3.0

Action                     |  1- 3 |  4- 6 || total
---------------------------+-------+-------++-------
  Melee: Unarmed           |    88 |   107 ||   195
         Constrict         |    21 |    26 ||    47
         Kick              |    25 |    37 ||    62
         Tentacles         |    11 |    25 ||    36
         Punch             |     2 |     2 ||     4
  Throw: Stone             |       |     1 ||     1
   Cast: Beastly Appendage |    35 |    26 ||    61
         Wereblood         |       |     4 ||     4
  Evoke: Wand              |       |     3 ||     3
    Use: Potion            |       |     5 ||     5
         Scroll            |       |    10 ||    10
   Stab: Sleeping          |     8 |     5 ||    13
         Distracted        |       |     1 ||     1
 Armour: Skin              |     3 |    13 ||    16
  Dodge: Dodged            |    49 |    74 ||   123

Table legend: (Time is in decaauts)
 A = Elapsed time spent in this place.
 B = Non-inter-level travel time spent in this place.
 C = Inter-level travel time spent in this place.
 D = Time resting spent in this place.
 E = Time spent auto-exploring this place.
 F = Levels seen in this place.
 G = Mean time per level.
                   A        B        C        D        E       F      G
               +--------+--------+--------+--------+--------+-----+--------+
         Total |   3732 |   3536 |    196 |    449 |   2282 |   5 |  746.4 |
       Dungeon |   3732 |   3536 |    196 |    449 |   2282 |   5 |  746.4 |
               +--------+--------+--------+--------+--------+-----+--------+

Top non-repeatable levels by time:
     D:3: 1068 daAuts
     D:2: 950 daAuts
     D:4: 855 daAuts
     D:1: 783 daAuts
     D:5: 75 daAuts
